 Dungeon Crawl Stone Soup version 0.30.1-3-gfc49f6343a (webtiles) character file.

Game seed: 3184686492101506986

46 cdecastro the Caller (level 3, -6/24 HPs)
             Began as a Merfolk Summoner on July 28, 2023.
             Mangled by a gnoll
             ... wielding a +0 halberd
              (14 damage)
             ... on level 2 of the Dungeon.
             The game lasted 00:03:23 (1407 turns).

cdecastro the Caller (Merfolk Summoner)             Turns: 1407, Time: 00:03:23

Health: -6/24      AC:  2    Str:  8    XL:     3   Next: 68%
Magic:  2/6        EV: 12    Int: 16    God:
Gold:   47         SH:  0    Dex: 14    Spells: 3/6 levels left

rFire   . . .        o - +2 short sword (freeze)
rCold   . . .        (no shield)
rNeg    . . .        a - +0 robe
rPois   .            (no helmet)
rElec   .            (no cloak)
rCorr   .            (no gloves)
SInv    .            (no boots)
Will    .....        (no amulet)
Stlth   ++           (no ring)
HPRegen 0.24/turn    (no ring)
MPRegen 0.10/turn

%: no passive effects
@: weak-willed
A: (nimble swimmer 2), mertail
a: no special abilities


You were on level 2 of the Dungeon.
You visited 1 branch of the dungeon, and saw 2 of its levels.

You collected 47 gold pieces.

Inventory:

Hand Weapons
 d - a +0 spear
 o - a +2 short sword of freezing (weapon)
Armour
 a - a +0 robe (worn)
Jewellery
 c - a ring of see invisible
Scrolls
 e - a scroll of vulnerability
 i - a scroll of teleportation {unknown}
 j - a scroll of immolation {unknown}
 k - a scroll of fear {unknown}
 p - a scroll of blinking {unknown}
Potions
 b - a potion of magic
 f - a potion of degeneration {unknown}
 g - 2 potions of curing {unknown}
 h - 2 potions of heal wounds {unknown}
 l - a potion of mutation {unknown}
 m - a potion of attraction {unknown}
 n - a potion of brilliance {unknown}


   Skills:
 - Level 2.6 Dodging
 - Level 2.1 Stealth
 - Level 2.0 Spellcasting
 + Level 5.3 Summonings


You had 3 spell levels left.
You knew the following spells:

 Your Spells              Type           Power      Damage    Failure   Level
a - Summon Small Mammal   Summ           72%        N/A       2%          1
b - Call Imp              Summ           36%        N/A       3%          2

Your spell library contained the following spells:

 Spells                   Type           Power      Damage    Failure   Level
 Call Canine Familiar     Summ           18%        N/A       7%          3
 Sandblast                Erth           2%         2d4       21%         1
 Summon Guardian Golem    Hex/Summ       10%        N/A       22%         3
 Passwall                 Tmut/Erth      0%         N/A       30%         2
 Stone Arrow              Conj/Erth      2%         3d7       52%         3
 Summon Lightning Spire   Summ/Air       10%        N/A       56%         4


Dungeon Overview and Level Annotations

Branches:
Dungeon (2/15)

Altars:


Innate Abilities, Weirdness & Mutations

((You are very nimble when in or above water. (Stealth+, EV+, Speed+++)))
Your lower body shifts to a powerful aquatic tail in water.


Message History

Press: ? - help, Q - select action, (/) - cycle Dir - look around, f - activate Your cerulean imp closely misses the gnoll.
The gnoll completely misses your cerulean imp.
Unknown command.
The gnoll closely misses your cerulean imp.
Your cerulean imp hits the gnoll with a -3 spear.
The gnoll hits your cerulean imp but does no damage.
Your cerulean imp hits the gnoll but does no damage.
The gnoll barely misses your cerulean imp.
Your cerulean imp hits the gnoll but does no damage.
The gnoll hits your cerulean imp with a +0 whip.
Your cerulean imp hits the gnoll but does no damage.
The gnoll hits your cerulean imp with a +0 whip!
Your cerulean imp dies!
Your cerulean imp disappears in a puff of smoke!
Casting: Summon Small Mammal (safe; 2% risk of failure)
Confirm with . or Enter, or press ? or * to list all spells.
A tiny devil pulls itself out of the air.
The gnoll closely misses your cerulean imp.
Unknown command.
You swap places.
Your cerulean imp hits the gnoll but does no damage.
The gnoll hits you from afar with a +0 halberd!
The gnoll hits you with a +0 whip.
* * * LOW HITPOINT WARNING * * *
You hit the gnoll. You freeze the gnoll.
The gnoll is severely wounded.
The gnoll closely misses you. The gnoll hits you with a +0 whip.
* * * LOW HITPOINT WARNING * * *
Your cerulean imp hits the gnoll but does no damage.
Unknown command.
You hit the gnoll but do no damage.
The gnoll is severely wounded.
The gnoll completely misses you. The gnoll closely misses you.
Your cerulean imp closely misses the gnoll.
You hit the gnoll. You freeze the gnoll.
You kill the gnoll!
The gnoll hits you from afar with a +0 halberd!
Ouch! That really hurt!
You die...

##### ##...##
########8.<.8##
#gg@5r#.......#
#.#####.<.8†<.######
#.# #.......##....
#g# ##8...8###....
#.# ##§..####....
#.# ##.##.##...†
#####g# #....>.....
#...#.# ##########'
.###.#.#.#########
#...)...


You could see 2 gnolls, a friendly cerulean imp (summoned) and a friendly rat
(summoned).

Vanquished Creatures
  An adder (D:2)
  A gnoll (D:2)
  A bat (D:1)
  2 endoplasms
  A giant cockroach (D:1)
  2 goblins
  A hobgoblin (D:1)
  A jackal (D:1)
  A kobold (D:1)
  A quokka (D:1)
  4 ball pythons (D:1)
  2 frilled lizards (D:1)
  A rat (D:1)
19 creatures vanquished.

Vanquished Creatures (collateral kills)
  A dart slug (D:1)
  A bat (D:1)
  2 endoplasms
  A hobgoblin (D:1)
  2 jackals (D:1)
  A ball python (D:1)
  3 frilled lizards (D:1)
  2 kobolds
  4 rats
17 creatures vanquished.

Grand Total: 36 creatures vanquished

Notes
Turn   | Place    | Note
-------+----------+-------------------------------------------
     0 | D:1      | cdecastro the Merfolk Summoner began the quest for the Orb.
     0 | D:1      | Reached XP level 1. HP: 13/13 MP: 3/3
   139 | D:1      | Reached XP level 2. HP: 15/19 MP: 1/5
   197 | D:1      | Learned a level 2 spell: Call Imp
   553 | D:1      | Reached XP level 3. HP: 24/24 MP: 4/6
   668 | D:1      | You fall into a shaft and drop 1 floor!
   823 | D:1      | Reached skill level 5 in Summonings
  1407 | D:2      | Mangled by a gnoll

Illustrated notes

Levels and vault maps discovered:
D:1:      eino_arrival_tree_alley, layout_basic, grunt_decor_resistance
D:2:      layout_basic, ebering_ecumenical_altar_rust, grunt_ministairs_7,
          uniq_jessica

Skill      XL: |  1  2  3 |
---------------+----------+-----
Summonings     | 5 |  5.3
Dodging        | |  2.6
Stealth        | |  2.1
Spellcasting   | |  2.0

Action                     || total
---------------------------++-------
  Melee: Spear             ||    59
         Unarmed           ||     1
         Short sword       ||    12
   Cast: Summon Small Mamm ||    19
         Call Imp          ||    18
    Use: Scroll            ||     1
   Stab: Sleeping          ||     2
 Armour: Robe              ||    16
  Dodge: Dodged            ||    54
